 Dungeon Crawl Stone Soup version 0.24-a0-479-g9a978d2894 (webtiles) character file.

Game seed: 5677655117062827618

18 ivs the Insei (level 2, -1/14 HPs)
             Began as a Vine Stalker Transmuter on July 7, 2019.
             Killed from afar by Natasha (6 damage)
             ... with a magic dart
             ... on level 2 of the Dungeon.
             The game lasted 00:05:42 (359 turns).

ivs the Insei (Vine Stalker Transmuter)              Turns: 359, Time: 00:05:43

Health: -1/14      AC:  4    Str: 12    XL:     2   Next: 66%
Magic:  0/6        EV: 11    Int: 13    God:
Gold:   40         SH:  0    Dex: 14    Spells: 2/5 levels left

rFire    . . .     SeeInvis .     - Unarmed
rCold    . . .     Gourm    .   (no shield)
rNeg     . . .     Faith    .   c - +0 leather armour
rPois    .         Spirit   +   (no helmet)
rElec    .         Reflect  .   (no cloak)
rCorr    .         Harm     .   f - +0 pair of gloves
MR       .....     Rnd*Tele +   (boots currently unavailable)
Stlth    +.........             (no amulet)
HPRegen  0.04/turn              h - ring of teleportation (curse)
MPRegen  0.10/turn              (no ring)

@: appendage (expiring)
A: fangs 2, talons 3, magic shield, antimagic bite, no potion heal 3, rot
immunity
a: End Transformation


You were on level 2 of the Dungeon.
You were not hungry.
You had grown temporary talons.
You visited 1 branch of the dungeon, and saw 2 of its levels.

You collected 40 gold pieces.

Inventory:

Missiles
 a - 12 arrows
Armour
 b - a +0 buckler
 c - a +0 leather armour (worn)
 f - a +0 pair of gloves (worn)
Jewellery
 h - a cursed ring of teleportation (left hand)
Potions
 g - a potion of degeneration {unknown}
Comestibles
 d - a ration


   Skills:
 - Level 0.8 Fighting
 - Level 1.5 Dodging
 + Level 3.9 Unarmed Combat
 - Level 2.1 Spellcasting
 - Level 2.0 Transmutations


You had 2 spell levels left.
You knew the following spells:

 Your Spells              Type           Power        Failure   Level  Hunger
a - Beastly Appendage     Tmut           #.....       14%         1    ##.....
b - Sticks to Snakes      Tmut           #.......     22%         2    ###....

Your spell library contained the following spells:

 Spells                   Type           Power        Failure   Level  Hunger
 Spider Form              Tmut/Pois      #.........   54%         3    ####...
 Ice Form                 Ice/Tmut       #.......     91%         4    #####..
 Blade Hands              Tmut           #.........   98%         5    ######.


Dungeon Overview and Level Annotations

Branches:
Dungeon (1/15)

Altars:

Annotations:
D:2 Natasha


Innate Abilities, Weirdness & Mutations

You have extremely sharp teeth.
When hurt, damage is shared between your health and your magic reserves.
Your bite disrupts and absorbs the magic of your enemies.
Potions cannot restore your health.
You are immune to rotting.
You have claws for feet.


Message History

Your feet morph into talons.
You aren't carrying any scrolls.
Memorise Sticks to Snakes, consuming 2 spell levels and leaving 2?
You start memorising the spell.
You continue memorising. x2
You finish memorising.
Spell assigned to 'b'.
You hit the crimson imp.
The crimson imp is moderately wounded.
The crimson imp hits you.
You miss the crimson imp. You claw the crimson imp.
Your bite misses the crimson imp.
The crimson imp is severely wounded.
The crimson imp lashes its tail.
The crimson imp blinks!
Your transformation is almost over.
Natasha claws you.
The crimson imp blinks!
There is an open door here.
You barely miss Natasha. Your bite misses Natasha.
Natasha stares at you and mumbles some strange words.
The magic dart hits you!
You die...

#$ #. ###
#. ..# #.
#.# #.
#.# #S
#.#
#.###.###
#.......#
#####@###
#.h.#
#...#
#?..#
#...#
#...#
#..5#
#####


You could see Natasha and a crimson imp.

Vanquished Creatures
  A dart slug (D:1)
  4 bats (D:1)
  A giant cockroach (D:1)
  4 goblins (D:1)
  A hobgoblin (D:1)
  A frilled lizard (D:1)
  3 kobolds (D:1)
15 creatures vanquished.

Notes
Turn   | Place    | Note
-------+----------+-------------------------------------------
     0 | D:1      | ivs the Vine Stalker Transmuter began the quest for the
                  | Orb.
     0 | D:1      | Reached XP level 1. HP: 9/9 MP: 4/4
   171 | D:1      | Reached XP level 2. HP: 4/14 MP: 3/6
   342 | D:1      | You fall into a shaft and drop 1 floor!
   350 | D:2      | Noticed Natasha
   351 | D:2      | Noticed a crimson imp
   356 | D:2      | Learned a level 2 spell: Sticks to Snakes
   359 | D:2      | Killed from afar by Natasha

Levels and vault maps discovered:
D:1:      dpeg_arrival_water_altar, layout_basic
D:2:      layout_basic, makhleb_grotto_becter, first_ration, kennysheep_nub,
          uniq_terence, uniq_natasha

Action                   || total
-------------------------++-------
Melee: Unarmed           ||    48
       Bite              ||    10
       Kick              ||     6
       Headbutt          ||     3
 Cast: Beastly Appendage ||    11
  Use: Potion            ||     1
       Scroll            ||     3
Armor: Robe              ||     6
       Leather armour    ||     4
Dodge: Dodged            ||    19

Table legend:
 A = Non-vault XP
 B = Vault XP
 C = Vault XP percentage of total XP
 D = Non-vault monster count
 E = Vault monster count
 F = Vault count percentage of total count
                 A         B        C        D         E       F
            +---------+---------+-------+---------+---------+-------
      Total |      26 |       0 |   0.0 |      15 |       0 |   0.0
            +---------+---------+-------+---------+---------+-------
        D:1 |      26 |       0 |   0.0 |      15 |       0 |   0.0
            +---------+---------+-------+---------+---------+-------
